 Dungeon Crawl Stone Soup version 0.28.0 (webtiles) character file.

Game seed: 3116521778219906454

327759 Drazool the Executioner (level 20, -2/175 (188) HPs)
             Began as a Minotaur Fighter on Feb 9, 2022.
             Was a High Priest of Uskayaw.
             Slain by an ironbound preserver (16 damage)
             ... on level 3 of the Vaults.
             The game lasted 02:59:53 (52821 turns).

Drazool the Executioner (Minotaur Fighter)         Turns: 52821, Time: 02:59:55

HP:   -2/175 (188)  AC: 22    Str: 30    XL:     20   Next: 79%
MP:   29/33         EV: 11    Int:  7    God:    Uskayaw [*****.]
Gold: 2438          SH:  0    Dex: 10    Spells: 19/19 levels left

rFire   + . .      SeeInvis +   b - +2 battleaxe (vamp)
rCold   + . .      Faith    .   (shield currently unavailable)
rNeg    + . .      Spirit   .   N - +2 plate armour {Will+}
rPois   +          Reflect  .   u - +0 hat of the Eleven Visions {rPois Int+2 Stlth-}
rElec   .          Harm     .   x - scarf {rC+ rF+}
rCorr   .          Rampage  .   r - +2 pair of gloves
Will    ++...                   J - +2 pair of boots {Fly}
Stlth   ..........              Z - amulet of regeneration
HPRegen 1.19/turn               d - ring "Iseodeg" {*Corrode +Blink rN+ AC+4}
MPRegen 0.23/turn               v - ring of see invisible

@: marked, corroded, flying, studying Stealth, drained
A: horns 2, retaliatory headbutt
}: 2/15 runes: decaying, gossamer
a: Renounce Religion, Evoke Blink, Stomp, Line Pass, Grand Finale


You were on level 3 of the Vaults.
You worshipped Uskayaw.
Uskayaw was greatly pleased with you.
You visited 8 branches of the dungeon, and saw 36 of its levels.
You also visited: Gauntlet.

You collected 3974 gold pieces.
You spent 1536 gold pieces at shops.


Innate Abilities, Weirdness & Mutations

You have a pair of horns on your head.
You reflexively headbutt those who attack you in melee.


   Skills:
 + Level 18.2 Fighting
 - Level 23.9(24.0) Axes
 - Level 1.3(15.9) Maces & Flails
 - Level 15.0 Armour
 - Level 10.0 Dodging
 - Level 10.0 Stealth
 - Level 5.0 Shields
 * Level 20.2 Invocations
 - Level 10.0 Evocations


You had 19 spell levels left.
You didn't know any spells.
Your spell library contained the following spells:

 Spells                   Type           Power      Damage    Failure   Level
 Beastly Appendage        Tmut           0%         N/A       94%         1
 Foxfire                  Conj/Fire      0%         2x1d4     94%         1
 Magic Dart               Conj           0%         1d3       94%         1
 Pain                     Necr           0%         1d4       94%         1
 Shock                    Conj/Air       0%         1d3       94%         1
 Corpse Rot               Necr/Air       0%         N/A       98%         2
 Poisonous Vapours        Pois/Air       0%         N/A       98%         2
 Searing Ray              Conj           0%         2d4       98%         2
 Wereblood                Tmut           0%         N/A       98%         2
 Conjure Flame            Conj/Fire      0%         6-21      100%        3
 Gell's Gravitas          Tloc           0%         N/A       100%        3
 Ignite Poison            Fire/Tmut/Pois 0%         N/A       100%        3
 Inner Flame              Hex/Fire       0%         N/A       100%        3
 Mephitic Cloud           Conj/Pois/Air  0%         N/A       100%        3
 Portal Projectile        Hex/Tloc       0%         N/A       100%        3
 Spider Form              Tmut/Pois      0%         N/A       100%        3
 Stone Arrow              Conj/Erth      0%         3d7       100%        3
 Swiftness                Air            0%         N/A       100%        3
 Teleport Other           Tloc           0%         N/A       100%        3
 Tukima's Dance           Hex            0%         N/A       100%        3
 Airstrike                Air            0%         N/A       100%        4
 Animate Armour           Summ/Erth      0%         N/A       100%        4
 Flame Wave               Conj/Fire      0%         2d4       100%        4
 Fulminant Prism          Conj/Hex       0%         3d6       100%        4
 Passage of Golubria      Tloc           0%         N/A       100%        4
 Summon Lightning Spire   Summ/Air       0%         N/A       100%        4
 Agony                    Necr           0%         N/A       100%        5
 Blade Hands              Tmut           0%         N/A       100%        5
 Excruciating Wounds      Necr           0%         N/A       100%        5
 Freezing Cloud           Conj/Ice/Air   0%         6-21      100%        5
 Lightning Bolt           Conj/Air       0%         1d11      100%        5
 Summon Forest            Summ/Tloc      0%         N/A       100%        5
 Yara's Violent Unravell  Hex/Tmut       0%         3d3       100%        5
 Dispersal                Tloc           0%         N/A       100%        6
 Eringya's Noxious Bog    Tmut/Pois      0%         N/A       100%        6
 Summon Hydra             Summ           0%         N/A       100%        7
 Lehudib's Crystal Spear  Conj/Erth      0%         10d2      100%        8
 Chain Lightning          Conj/Air       0%         N/A       100%        9
 Fire Storm               Conj/Fire      0%         5d1       100%        9
 Shatter                  Erth           0%         3d5*      100%        9

Inventory:

Hand Weapons
 a - a +3 spectral executioner's axe
 b - a +2 vampiric battleaxe (weapon)
 c - the +7 great mace of Ignis {vamp, rElec rN+}
   (You found it on level 2 of the Vaults)

   It occasionally heals its wielder for a portion of the damage dealt when it
   wounds a living foe.
   rElec:     It insulates you from electricity.
   rN:        It protects you from negative energy.
 T - a +2 battleaxe of flaming
Missiles
 k - 40 poisoned darts (quivered)
 o - 4 throwing nets {=f}
 D - 10 javelins
Armour
 r - a +2 pair of gloves (worn)
 u - the +0 hat of the Eleven Visions (worn) {rPois Int+2 Stlth-}
   (You found it on level 6 of the Dungeon)

   Int:       It affects your intelligence (+2).
   rPois:     It protects you from poison.
   Stlth:     It makes you less stealthy.
 x - a scarf of resistance (worn)
 J - a +2 pair of boots of flying (worn)
 N - a +2 plate armour of willpower (worn)
Jewellery
 d - the ring "Iseodeg" (left hand) {*Corrode +Blink rN+ AC+4}
   (You found it in a Gauntlet)

   [ring of protection]

   AC:        It affects your AC (+4).
   rN:        It protects you from negative energy.
   +Blink:    It lets you blink.
   *Corrode:  It may corrode you when you take damage.
 v - a ring of see invisible (right hand)
 F - a ring of protection from fire
 P - a ring of poison resistance
 Z - an amulet of regeneration (around neck)
Wands
 n - a wand of flame (46)
 w - a wand of iceblast (13)
 B - a wand of mindburst (9)
 C - a wand of charming (22)
 E - a wand of polymorph (11)
 H - a wand of paralysis (12)
 M - a wand of acid (21)
 V - a wand of digging (14)
Scrolls
 g - 11 scrolls of identify {@r1}
 l - 4 scrolls of blinking
 m - 5 scrolls of vulnerability
 p - a scroll of enchant armour
 y - 10 scrolls of teleportation {@r2}
 G - 3 scrolls of magic mapping
 O - 3 scrolls of fog
 U - 3 scrolls of fear
 W - a scroll of brand weapon
 Y - 2 scrolls of summoning
Potions
 e - 6 potions of heal wounds {@q2}
 f - 6 potions of brilliance
 h - 9 potions of curing {@q1}
 i - 9 potions of lignification
 j - 3 potions of invisibility
 q - 5 potions of haste {@q3}
 s - a potion of cancellation
 t - 4 potions of magic
 z - 5 potions of might
 A - 7 potions of attraction
 I - a potion of resistance
 Q - 2 potions of mutation
 R - 6 potions of ambrosia
Miscellaneous
 K - a tin of tremorstones (2/2)
 L - a lightning rod (4/4)
 S - a condenser vane
 X - a box of beasts

Dungeon Overview and Level Annotations

Branches:
Dungeon (15/15)            Temple (1/1) D:7            Lair (6/6) D:9
  Swamp (4/4) Lair:3       Spider (4/4) Lair:2        Slime (0/5) Lair:5
    Orc (2/2) D:12            Elf (1/3) Orc:2        Vaults (3/5) D:13
 Depths (0/4) D:15        Gauntlet (visited)
  Crypt: Vaults:2-3

Altars:
Ashenzari
Cheibriados
Dithmenos
Elyvilon
Fedhas
Gozag
Hepliaklqana
Kikubaaqudgha
Makhleb
Nemelex Xobeh
Okawaru
Qazlal
Ru
Sif Muna
Trog
Uskayaw
Vehumet
Wu Jian
Xom
Yredelemnul
Zin
The Shining One
Beogh
Jiyva
Lugonu

Shops:
D:7 [   D:11 !   D:13 [   D:15 ?   Orc:2 :(!:   Elf:1 (*?   Vaults:1 :

Portals:
Abyss: Lair:6
Trove: D:11 (give +5 demon blade)

Annotations:
D:9 2 transporters
D:10 1 runed translucent door, exclusion: door, crazypyro's ghost, journeyman MiFi
Lair:5 1 runed translucent door
Swamp:4 1 runed translucent door, Almightybob's ghost, adept DsBe
Vaults:1 36 runed doors

.. ... .. .... ...
▓▓++▓▓+ ... p......
▓▓+▓▓▓▓▓pp.....
▓......@Tz▓
▓......▓Tp▓
▓......▒..▓
▓......▒..▓....
▓......▒..▓....
▓......▓▓▓▓▓''▓▓
▓......▓ ▓....▓
▓▓▓▓▓▓▓▓ ▓....▓
▓▓▓▓▓▓▓▓▓'''▓▓▓▓▓▓▓▓▓


You could see an ironbound preserver, a vault warden (soul bound, strong,
sheltered), an ancient champion (fast), 2 deep trolls, a vault sentinel (strong,
sheltered, catching breath) and a wizard (sheltered).


Message History

You barely miss the ironbound preserver.
You barely miss the deep troll.
The ironbound convoker casts a spell at the vault sentinel.
The vault sentinel seems to grow stronger.
The deep troll bites you!
* * * LOW HITPOINT WARNING * * *
The deep troll barely misses you.
The deep troll claws you but does no damage.
The ironbound preserver hits you with a +0 flail!
* * * LOW HITPOINT WARNING * * *
You slice the ironbound convoker!!
You feel better.
You kill the ironbound convoker!
You hit the ironbound preserver but do no damage.
You barely miss the deep troll.
The vault sentinel blows a loud note on a signal horn!
Unknown command.
You slice the deep troll!!
You feel better.
The deep troll is moderately wounded.
You barely miss the deep troll.
You hit the ironbound preserver but do no damage.
The deep troll barely misses you. You furiously retaliate!
You headbutt the deep troll.
The deep troll claws you but does no damage. x2
The deep troll bites you.
* * * LOW HITPOINT WARNING * * *
The deep troll claws you!
* * * LOW HITPOINT WARNING * * *
The deep troll claws you but does no damage.
The ironbound preserver hits you with a +0 flail!
You die...

Skill      XL: |  1  2  3  4  5  6  7  8  9 10 11 12 13 14 15 16 17 18 19 20 |
---------------+-------------------------------------------------------------+-----
Axes           | 3 4 5 7 8 12 14 16 18 19 21 23 | 23.9
Fighting       | 5 10 13 14 15 18 | 18.2
Shields        | 5 |  5.0
Dodging        | 2 5 7 10 | 10.0
Invocations    | 4 7 9 12 14 15 16 17 20 | 20.2
Armour         | 10 11 13 14 15 | 15.0
Maces & Flails | 1 |  1.3
Evocations     | 10 | 10.0
Stealth        | 10 | 10.0

Action                   |  1- 3 |  4- 6 |  7- 9 | 10-12 | 13-15 | 16-18 | 19-21 || total
-------------------------+-------+-------+-------+-------+-------+-------+-------++-------
Melee: War axe           |    49 |   133 |    36 |       |       |       |       ||   218
       Headbutt          |    13 |    17 |    45 |    82 |   104 |   225 |   207 ||   693
       Executioner's axe |       |       |   187 |   410 |   488 |   785 |   337 ||  2207
       Dire flail        |       |       |       |    13 |    20 |    82 |     5 ||   120
       Battleaxe         |       |       |       |       |       |    31 |   365 ||   396
       Great mace        |       |       |       |       |       |       |     7 ||     7
Throw: Dart              |       |    15 |     9 |    17 |    75 |    13 |     1 ||   130
       Throwing net      |       |       |       |       |       |     1 |       ||     1
Invok: Stomp             |       |       |       |     6 |     2 |     1 |       ||     9
       Line Pass         |       |       |       |     1 |       |       |     3 ||     4
       Grand Finale      |       |       |       |       |     2 |     1 |     5 ||     8
Evoke: Wand              |       |       |       |     9 |     2 |    12 |       ||    23
       Tin of tremorston |       |       |       |       |     1 |       |       ||     1
  Use: Scroll            |       |     2 |     6 |     4 |    16 |     7 |     6 ||    41
       Potion            |       |     1 |       |     2 |     3 |     1 |     1 ||     8
 Stab: Paralysed         |       |       |     1 |    28 |    27 |    77 |    97 ||   230
       Invisible         |       |       |       |     1 |     2 |     1 |       ||     4
       Distracted        |       |       |       |       |     3 |    13 |     6 ||    22
       Petrifying        |       |       |       |       |     1 |       |       ||     1
       Confused          |       |       |       |       |       |       |     2 ||     2
Armor: Scale mail        |    18 |    32 |       |       |       |       |       ||    50
       Chain mail        |       |    13 |   119 |   163 |    17 |       |       ||   312
       Plate armour      |       |       |       |       |   193 |   553 |   383 ||  1129
Dodge: Dodged            |    26 |    49 |    96 |   194 |   146 |   274 |   218 ||  1003
Block: Buckler           |     7 |    25 |    10 |       |       |       |       ||    42
       Other             |       |       |    59 |    83 |   114 |    21 |       ||   277
       Reflection        |       |       |     2 |     1 |    19 |     1 |       ||    23

Levels and vault maps discovered:
D:1:      minmay_arrival_wavy_path, layout_rooms,
          shapermc_ecumenical_altar_pompeii
D:2:      layout_basic, uniq_sigmund
D:3:      layout_loops_cross, elyvilon_altar_4, uniq_terence
D:4:      layout_gridville, kennysheep_dice
D:5:      layout_loops_ring, uniq_edmund, uniq_ijyb, uniq_menkaure, uniq_grinder
D:6:      layout_loops_corners
D:7:      cheibrodos_fzero, layout_loops_cross,
          gammafunk_temple_overflow_elements, minmay_temple_entry_overgrown,
          serial_shops, kennysheep_little_box, uniq_duvessa
D:8:      layout_rooms, nicolae_ru_great_annihilating_truth, serial_rivers,
          chequers_serial_rivers_micro_b, chequers_serial_rivers_micro_b,
          chequers_serial_rivers_small_a, chequers_serial_rivers_micro_b,
          chequers_serial_rivers_micro_b, chequers_serial_rivers_room_b,
          amethyst_killhole, minmay_fractal_squares_diagonal_5
D:9:      gammafunk_boulding_lane, layout_irregular_city,
          mainiacjoe_overflow_cross_hatched, general_overflow_altar,
          mainiacjoe_overflow_concentric_impassable, erik_lair_orcish_takeover
D:10:     layout_basic, xom_butterflies, grunt_qazlal_clouds,
          overflow_temple_1_default, ebering_ghost_funeral_grove,
          hellmonk_guarded_unrand_salamander, uniq_joseph
D:11:     layout_irregular_city, serial_shops, shop, enter_trove_5, uniq_urug,
          uniq_erolcha
D:12:     layout_cave_pools, david_orc_5, serial_bayou_pond_c
D:13:     layout_loops_cross, grunt_vaults_entry_fortified, serial_shops, shop,
          laboratory
D:14:     layout_small_grid, serial_park_fountain, minmay_misc_feat_room,
          amcnicky_mini_corridor_feature, uniq_kirke
D:15:     hangedman_depths_entry_civil_slaughter, layout_stronghold,
          gauntlet_entry_generic, minmay_misc_feat_tiny, serial_shops,
          nicolae_shop_trees, solitary_fountain, serial_bayou_pond_b, hex_large,
          uniq_nessos, uniq_josephine
Temple:   minmay_temple_bridge_abc
Lair:1:   layout_hall_layers, grunt_megastairs_2, uniq_harold
Lair:2:   layout_regular_city, spider_nest_entry_a, grunt_megastairs_3
Lair:3:   layout_roguey, swamp_mist, kennysheep_basilisk_garden,
          infiniplex_staircase_pool_2, grunt_megastairs_4
Lair:4:   layout_gridlike
Lair:5:   layout_gridlike, slime_altar_2
Lair:6:   hellmonk_lair_end_abyssal_woods, layout_cave_pods, patterned_corridor
Swamp:1:  layout_basic_swamp, hangedman_swamp_pad
Swamp:2:  layout_basic_swamp, hangedman_swamp_lotus
Swamp:3:  nicolae_swamp_phyte_club, layout_basic_swamp, basic_altar,
          cheibrodos_swamp_minitomb, uniq_louise
Swamp:4:  swamp_basic_johnstein, layout_basic_swamp,
          hellmonk_ghost_happy_afterlife
Spider:1: layout_spider_delve, drop_trap, spiders_nest_hornet_nest
Spider:2: layout_spider_delve, uniq_donald
Spider:3: layout_cave_pods, uniq_mlioglotl, uniq_bai_suzhen
Spider:4: hellmonk_spider_rune_bug_friends, uniq_arachne
Orc:1:    layout_caves, uniq_nergalle, uniq_maurice
Orc:2:    st_orc_rangers, layout_diamond_mine, basic_altar, uniq_jorgrun,
          uniq_rupert, uniq_azrael
Elf:1:    elf_arrival_001, layout_loops_cross, serial_shops, shop_coins,
          shop_statue, nicolae_shop_trees, special_room [special_room_orc],
          hangedman_elf_represent
Vaults:1: vaults_mumra_hex, nicolae_vaults_yaktaur_gun_rack,
          nicolae_vaults_network_barrier, nicolae_vaults_rhombus_6,
          nicolae_vaults_fighting_squares, ontoclasm_vaults_ligature,
          v_pattern_5, ontoclasm_vaults_ring_square, ontoclasm_vaults_gateway,
          v_misc_22, grunt_vaults_twisty, v_misc_12, ontoclasm_vaults_fault,
          vaults_room_large_hall, not_door_vault_mu, vaults_room_pools,
          layout_vaults_maze_bifur, serial_glass, serial_shops,
          nicolae_shop_behind_doors
Vaults:2: v_misc_1, sword_in_stone, nicolae_vaults_network_quincunx
          [nicolae_vaults_network_quincunx_subvault,
          nicolae_vaults_network_quincunx_subvault,
          nicolae_vaults_network_quincunx_subvault,
          nicolae_vaults_network_quincunx_subvault,
          nicolae_vaults_network_quincunx_subvault], hangedman_vaults_slither,
          ontoclasm_vaults_misaligned, hangedman_vaults_snaps,
          vaults_mumra_minichess_inversion, ontoclasm_vaults_loading_screen,
          v_misc_15, nicolae_vaults_little_squares_1, v_alt_pattern_5,
          vaults_room_door_ring, ontoclasm_vaults_decontamination,
          layout_vaults_omnicross
Vaults:3: grunt_vaults_trifunnel, grunt_vaults_swirl,
          minmay_crypt_entry_simple_sparse, dpeg_vaults_monster_box, v_misc_2,
          vaults_room_fours, hellmonk_guarded_unrand_gong,
          ontoclasm_vaults_loading_screen, vaults_room_door_hall,
          nicolae_vaults_theta, layout_vaults_ring, serial_glass

Notes
Turn   | Place    | Note
-------+----------+-------------------------------------------
     0 | D:1      | Drazool the Minotaur Fighter began the quest for the Orb.
     0 | D:1      | Reached XP level 1. HP: 19/19 MP: 0/0
    72 | D:1      | Reached skill level 3 in Axes
    85 | D:1      | Reached XP level 2. HP: 23/26 MP: 1/1
   165 | D:1      | Reached skill level 4 in Axes
   284 | D:1      | Reached XP level 3. HP: 26/31 MP: 2/2
   344 | D:1      | Found a faded altar of an unknown god.
   518 | D:2      | Reached skill level 5 in Axes
   782 | D:2      | Reached XP level 4. HP: 39/39 MP: 3/3
   795 | D:2      | Noticed Sigmund
  1093 | D:2      | Killed Sigmund
  1094 | D:2      | Reached skill level 7 in Axes
  1094 | D:2      | Reached XP level 5. HP: 7/45 MP: 4/4
  1927 | D:3      | Noticed Terence
  1943 | D:3      | Killed Terence
  1944 | D:3      | Reached XP level 6. HP: 23/52 MP: 5/5
  2290 | D:3      | Found a white marble altar of Elyvilon.
  2602 | D:4      | Reached skill level 4 in Fighting
  2602 | D:4      | Reached skill level 4 in Shields
  3557 | D:4      | Reached skill level 5 in Fighting
  3557 | D:4      | Reached skill level 5 in Shields
  3796 | D:3      | Became a worshipper of Elyvilon the Healer
  3907 | D:4      | Reached skill level 1 in Dodging
  4128 | D:4      | Reached skill level 2 in Dodging
  4128 | D:4      | Reached XP level 7. HP: 56/61 MP: 6/6
  4400 | D:5      | Entered Level 5 of the Dungeon
  4400 | D:5      | Noticed Edmund
  4401 | D:5      | Noticed Ijyb
  4493 | D:5      | Noticed Menkaure
  4497 | D:5      | Killed Menkaure
  4498 | D:5      | Reached skill level 3 in Dodging
  4518 | D:5      | Reached skill level 4 in Dodging
  4668 | D:5      | Reached skill level 5 in Dodging
  4784 | D:5      | Identified a scroll of acquirement
  4785 | D:5      | Acquired a +0 executioner's axe of venom
  4875 | D:5      | Reached skill level 8 in Axes
  4980 | D:5      | Killed Edmund
  4981 | D:5      | Reached XP level 8. HP: 33/68 MP: 7/7
  5125 | D:5      | Reached skill level 9 in Axes
  5257 | D:5      | Noticed Grinder
  5313 | D:4      | Killed Ijyb
  5538 | D:5      | Reached skill level 10 in Axes
  5839 | D:5      | Reached skill level 11 in Axes
  5839 | D:5      | Killed Grinder
  5933 | D:5      | Reached * piety under Elyvilon
  6424 | D:6      | Reached skill level 12 in Axes
  6424 | D:6      | Reached XP level 9. HP: 40/74 MP: 8/8
  6801 | D:6      | Reached skill level 1 in Invocations
  7024 | D:6      | Identified the +0 hat of the Eleven Visions {rPois Int+2
                  | Stlth-}
  7156 | D:6      | Reached ** piety under Elyvilon
  7515 | D:7      | Found a staircase to the Ecumenical Temple.
  7536 | Temple   | Entered the Ecumenical Temple
  7623 | Temple   | Fell from the grace of Elyvilon
  7623 | Temple   | Became a worshipper of Uskayaw the Reveller
  7657 | D:7      | Noticed a kobold demonologist
  7662 | D:7      | Reached skill level 2 in Invocations
  7668 | D:7      | Reached * piety under Uskayaw
  7893 | D:7      | Reached ** piety under Uskayaw
  7898 | D:7      | Reached *** piety under Uskayaw
  7900 | D:7      | Reached skill level 13 in Axes
  8031 | D:7      | Reached skill level 3 in Invocations
  8379 | D:7      | Reached skill level 4 in Invocations
  8412 | D:7      | Noticed Dowan
  8420 | D:7      | Killed Dowan
  8421 | D:7      | Reached skill level 14 in Axes
  8880 | D:7      | Found Wakokh's Antique Armour Shop.
  8888 | D:7      | Bought a glowing cloak for 127 gold pieces
  8920 | D:7      | Reached XP level 10. HP: 67/81 MP: 12/12
  9053 | D:7      | Noticed a sixfirhy
  9057 | D:7      | Noticed a sixfirhy
  9162 | D:7      | Reached skill level 5 in Invocations
  9201 | D:7      | Found a glowing golden altar of the Shining One.
  9201 | D:7      | Found an ancient bone altar of Kikubaaqudgha.
  9677 | D:7      | Reached skill level 15 in Axes
 10662 | D:8      | Reached skill level 6 in Invocations
 10957 | D:8      | Found a sacrificial altar of Ru.
 11088 | D:9      | Found a transporter.
 11089 | D:9      | Found a transporter.
 11089 | D:9      | Noticed a boulder beetle
 11116 | D:9      | Found a staircase to the Lair.
 11128 | D:9      | Reached skill level 16 in Axes
 11368 | D:9      | Found an opulent altar of Gozag.
 11712 | D:9      | Found a radiant altar of Vehumet.
 11868 | D:9      | Found a glowing silver altar of Zin.
 12004 | D:10     | Entered Level 10 of the Dungeon
 12315 | D:10     | Found a stormy altar of Qazlal.
 12412 | D:10     | Found a shimmering altar of Xom.
 12703 | D:10     | Reached **** piety under Uskayaw
 12704 | D:10     | Reached skill level 7 in Invocations
 12918 | D:10     | Reached XP level 11. HP: 51/86 MP: 15/15
 13084 | D:10     | Found an ornate altar of the Wu Jian Council.
 13097 | D:10     | Noticed Joseph
 13111 | D:10     | Killed Joseph
 13255 | D:10     | Noticed a two-headed ogre
 13272 | D:10     | Killed a two-headed ogre
 13273 | D:10     | Reached skill level 17 in Axes
 13698 | D:10     | Found a runed translucent door.
 13701 | D:10     | Identified the +8 spear of Agony {freeze, Dex+5}
 13702 | D:10     | Noticed crazypyro's ghost (journeyman MiFi)
 13855 | D:10     | Found the +2 hood of the Assassin {Detection Stab+ Stlth++}
 14421 | Lair:1   | Entered Level 1 of the Lair of Beasts
 14421 | Lair:1   | Noticed Harold
 14430 | D:9      | Killed Harold
 14607 | Lair:1   | Noticed a six-headed hydra
 14882 | Lair:1   | Killed a six-headed hydra
 15223 | Lair:1   | Reached skill level 8 in Invocations
 15843 | Lair:1   | Reached skill level 18 in Axes
 16105 | Lair:1   | Reached ***** piety under Uskayaw
 16435 | Lair:1   | Reached skill level 9 in Invocations
 17241 | Lair:2   | Noticed a death yak
 17242 | Lair:2   | Noticed a death yak
 17244 | Lair:2   | Noticed a death yak
 17249 | Lair:2   | Noticed a death yak
 17253 | Lair:2   | Killed a death yak
 17264 | Lair:1   | Killed a death yak
 17265 | Lair:1   | Reached XP level 12. HP: 34/95 MP: 16/18
 17529 | Lair:2   | Reached skill level 6 in Fighting
 17545 | Lair:2   | Noticed a death yak
 17551 | Lair:2   | Killed a death yak
 17554 | Lair:2   | Killed a death yak
 17554 | Lair:2   | Killed a death yak
 17555 | Lair:2   | Reached skill level 7 in Fighting
 17555 | Lair:2   | Reached skill level 10 in Invocations
 17556 | Lair:2   | Noticed a seven-headed hydra
 17577 | Lair:2   | Killed a seven-headed hydra
 17908 | Lair:2   | Noticed a seven-headed hydra
 17916 | Lair:2   | Killed a seven-headed hydra
 17917 | Lair:2   | Reached skill level 8 in Fighting
 18782 | Lair:2   | Found a hole to the Spider Nest.
 19402 | Lair:3   | Reached skill level 9 in Fighting
 19406 | Lair:3   | Reached skill level 11 in Invocations
 20207 | Lair:3   | Reached skill level 10 in Fighting
 20788 | Lair:3   | Reached skill level 12 in Invocations
 21046 | Lair:3   | Found a staircase to the Swamp.
 21066 | Lair:3   | Reached XP level 13. HP: 105/113 MP: 21/21
 21503 | Lair:4   | Reached skill level 4 in Armour
 21685 | Lair:4   | You are sucked into a shaft and drop 1 floor!
 22184 | Lair:4   | Reached skill level 5 in Armour
 22651 | Lair:5   | Identified the ring "Xeyw" {Fire Str+3}
 22730 | Lair:5   | Reached skill level 6 in Armour
 22930 | Lair:5   | Reached skill level 7 in Armour
 23187 | D:7      | Bought a glowing plate armour for 442 gold pieces
 23482 | Lair:5   | Reached skill level 13 in Invocations
 23830 | Lair:5   | Reached skill level 14 in Invocations
 23922 | Lair:5   | Found a runed translucent door.
 23922 | Lair:5   | Found a viscous altar of Jiyva.
 23924 | Lair:5   | Noticed an acid blob
 23925 | Lair:5   | Found a staircase to the Slime Pits.
 24322 | Lair:6   | Entered Level 6 of the Lair of Beasts
 24373 | Lair:6   | Reached skill level 8 in Armour
 24925 | Lair:6   | Reached skill level 9 in Armour
 25008 | Lair:6   | Reached skill level 10 in Armour
 25099 | Lair:6   | Reached skill level 19 in Axes
 25189 | Lair:6   | Reached XP level 14. HP: 84/121 MP: 23/23
 26524 | Lair:6   | Reached skill level 20 in Axes
 26842 | Lair:6   | Found a corrupted altar of Lugonu.
 26842 | Lair:6   | Found a one-way gate to the infinite horrors of the Abyss.
 27285 | D:10     | Found the +3 salamander hide armour {Flames rF++ rC--}
 27654 | D:11     | Noticed Urug
 27665 | D:11     | Killed Urug
 28015 | D:11     | Noticed Erolcha
 28016 | D:11     | Killed Erolcha
 28409 | D:11     | Found Laur's Distillery.
 28414 | D:11     | Bought a potion of mutation for 112 gold pieces
 28414 | D:11     | Bought a potion of ambrosia for 112 gold pieces
 28579 | D:11     | Found a portal to a secret trove of treasure.
 28869 | D:12     | Reached skill level 21 in Axes
 28898 | D:12     | Found a staircase to the Orcish Mines.
 29003 | D:12     | You are sucked into a shaft and drop 1 floor!
 29432 | Orc:1    | Entered Level 1 of the Orcish Mines
 29432 | Orc:1    | Noticed Maurice
 29440 | Orc:1    | Killed Maurice
 29628 | Orc:2    | Entered Level 2 of the Orcish Mines
 29717 | Orc:1    | Noticed an orc warlord
 29723 | Orc:1    | Noticed Nergalle
 29730 | Orc:1    | Killed an orc warlord
 29732 | Orc:1    | Reached skill level 11 in Fighting
 29734 | Orc:1    | Killed Nergalle
 30409 | Orc:2    | Noticed Rupert
 30412 | Orc:2    | Killed Rupert
 30413 | Orc:2    | Reached skill level 12 in Fighting
 30551 | Orc:2    | Found a staircase to the Elven Halls.
 30842 | Orc:2    | Noticed Azrael
 30850 | Orc:2    | Noticed Jorgrun
 31310 | Orc:1    | Killed Jorgrun
 31906 | Orc:2    | Reached skill level 13 in Fighting
 32266 | Orc:2    | Killed Azrael
 32802 | Orc:2    | Reached XP level 15. HP: 55/136 MP: 24/24
 33108 | Orc:2    | Found Yschef's Distillery.
 33108 | Orc:2    | Found Vyhecw's Weapon Emporium.
 33108 | Orc:2    | Found Teoruk's Book Shoppe.
 33111 | Orc:2    | Found Kirphomi's Book Boutique.
 33115 | Orc:2    | Bought a potion of brilliance for 56 gold pieces
 33115 | Orc:2    | Bought a potion of attraction for 42 gold pieces
 33474 | D:13     | Found Wuwot's Antique Armour Shop.
 33867 | D:13     | Reached skill level 1 in Maces & Flails
 33994 | D:13     | Bought a pair of embroidered boots for 225 gold pieces
 34154 | D:13     | Identified a potion of experience
 34155 | D:13     | Reached skill level 14 in Fighting
 34155 | D:13     | Reached skill level 11 in Armour
 34155 | D:13     | Reached XP level 16. HP: 143/143 MP: 25/25
 34213 | D:13     | Reached skill level 15 in Fighting
 34692 | D:13     | Reached skill level 12 in Armour
 35203 | D:13     | Found a gate to the Vaults.
 35286 | D:14     | Reached skill level 13 in Armour
 35420 | D:14     | Noticed Kirke
 35429 | D:14     | Killed Kirke
 35882 | D:14     | Reached skill level 22 in Axes
 36367 | D:15     | Entered Level 15 of the Dungeon
 36433 | D:15     | Found Orhig's Magic Scroll Shoppe.
 36442 | D:15     | Found a staircase to the Depths.
 36460 | D:15     | Found a gate leading to a gauntlet.
 36474 | Gauntlet | Entered a Gauntlet
 36474 | Gauntlet | Found a transporter.
 36474 | Gauntlet | Found a transporter.
 36560 | Gauntlet | Found a transporter.
 36560 | Gauntlet | Found a transporter.
 36562 | Gauntlet | Found a large runed translucent door.
 36563 | Gauntlet | Found a large runed translucent door.
 36564 | Gauntlet | Found a large runed translucent door.
 36564 | Gauntlet | Found a large runed translucent door.
 36564 | Gauntlet | Found a runed translucent door.
 36564 | Gauntlet | Found a runed translucent door.
 36565 | Gauntlet | Found a large runed translucent door.
 36566 | Gauntlet | Found a large runed translucent door.
 36566 | Gauntlet | Found a large runed translucent door.
 36566 | Gauntlet | Found a large runed translucent door.
 36567 | Gauntlet | Found a large runed translucent door.
 36568 | Gauntlet | Found a large runed translucent door.
 36570 | Gauntlet | Found a transporter.
 36571 | Gauntlet | Found a large runed translucent door.
 36571 | Gauntlet | Found a large runed translucent door.
 36572 | Gauntlet | Found a large runed translucent door.
 36572 | Gauntlet | Found a large runed translucent door.
 36572 | Gauntlet | Found a large runed translucent door.
 36572 | Gauntlet | Found a large runed translucent door.
 36575 | Gauntlet | Found a runed translucent gate.
 36575 | Gauntlet | Found a runed translucent gate.
 36575 | Gauntlet | Found a runed translucent gate.
 36577 | Gauntlet | Found a transporter.
 36585 | Gauntlet | Found a transporter.
 36587 | Gauntlet | Found a transporter.
 36587 | Gauntlet | Found a transporter.
 36588 | Gauntlet | Noticed an iron giant
 36588 | Gauntlet | a frost giant changed into an iron giant
 36591 | Gauntlet | Found a transporter.
 36591 | Gauntlet | an iron giant changed into an iron troll
 36595 | Gauntlet | Noticed a sphinx
 36595 | Gauntlet | an eleionoma changed into a sphinx
 36599 | Gauntlet | Noticed a quicksilver dragon
 36599 | Gauntlet | a sphinx changed into a quicksilver dragon
 36604 | Gauntlet | Noticed a shadow dragon
 36604 | Gauntlet | a quicksilver dragon changed into a shadow dragon
 36610 | Gauntlet | a shadow dragon changed into a fire giant
 36611 | Gauntlet | Noticed a shadow dragon
 36611 | Gauntlet | a fire giant changed into a shadow dragon
 36617 | Gauntlet | Noticed a caustic shrike
 36617 | Gauntlet | a shadow dragon changed into a caustic shrike
 36618 | Gauntlet | Noticed a shadow dragon
 36618 | Gauntlet | a caustic shrike changed into a shadow dragon
 36622 | Gauntlet | a shadow dragon changed into a fenstrider witch
 36627 | Gauntlet | Found a transporter.
 36635 | Gauntlet | Noticed a shadow dragon
 36635 | Gauntlet | a fire giant changed into a shadow dragon
 36647 | Gauntlet | Found a transporter.
 36693 | Gauntlet | Found a transporter.
 36715 | Gauntlet | Found a transporter.
 36740 | Gauntlet | Noticed a shadow dragon
 36740 | Gauntlet | a stone giant changed into a shadow dragon
 36741 | Gauntlet | a shadow dragon changed into a fenstrider witch
 36742 | Gauntlet | Noticed a shadow dragon
 36742 | Gauntlet | a fenstrider witch changed into a shadow dragon
 36817 | Gauntlet | Found a transporter.
 36833 | Gauntlet | Found a transporter.
 36976 | Gauntlet | Noticed a quicksilver dragon
 36976 | Gauntlet | Noticed a shadow dragon
 36976 | Gauntlet | a quicksilver dragon changed into a shadow dragon
 36982 | Gauntlet | a shadow dragon changed into an iron troll
 37101 | Gauntlet | Identified the ring "Iseodeg" {*Corrode +Blink rN+ AC+4}
 37337 | D:15     | Reached skill level 23 in Axes
 37482 | D:15     | Bought a scroll of enchant armour for 120 gold pieces
 37485 | D:15     | Bought a scroll of enchant armour for 120 gold pieces
 37665 | D:15     | Noticed Josephine
 37671 | D:15     | Killed Josephine
 37818 | D:15     | Noticed Nessos
 37830 | D:15     | Killed Nessos
 38043 | D:15     | Identified a potion of resistance
 38550 | Spider:1 | Entered Level 1 of the Spider Nest
 39162 | Spider:1 | Reached XP level 17. HP: 156/156 MP: 26/26
 39228 | Spider:1 | Reached skill level 1 in Evocations
 39315 | Spider:1 | Reached skill level 2 in Evocations
 39454 | Spider:2 | Reached skill level 3 in Evocations
 39704 | Spider:2 | Reached skill level 4 in Evocations
 39943 | Spider:2 | Reached skill level 5 in Evocations
 39992 | Spider:2 | Noticed Donald
 40010 | Spider:2 | Killed Donald
 40331 | Spider:2 | Reached skill level 6 in Evocations
 40483 | Spider:3 | Noticed Bai Suzhen
 40560 | Spider:3 | Killed Bai Suzhen
 40561 | Spider:3 | Reached skill level 7 in Evocations
 41113 | Spider:3 | Noticed Mlioglotl
 41127 | Spider:3 | Killed Mlioglotl
 41128 | Spider:3 | Reached skill level 8 in Evocations
 41566 | Spider:3 | Reached skill level 9 in Evocations
 41819 | Spider:4 | Entered Level 4 of the Spider Nest
 42000 | Spider:4 | Reached skill level 10 in Evocations
 42530 | Spider:4 | Reached skill level 15 in Invocations
 42610 | Spider:4 | Reached XP level 18. HP: 160/163 MP: 28/28
 42888 | Spider:4 | Noticed Arachne
 42898 | Spider:4 | Killed Arachne
 42940 | Spider:4 | Got a gossamer rune of Zot
 43270 | Swamp:1  | Entered Level 1 of the Swamp
 43270 | Swamp:1  | You are sucked into a shaft and drop 1 floor!
 43290 | Swamp:2  | Reached skill level 16 in Invocations
 43822 | Swamp:1  | Reached skill level 16 in Fighting
 44855 | Swamp:3  | Reached skill level 17 in Fighting
 44861 | Swamp:3  | Found a burning altar of Makhleb.
 45115 | Swamp:3  | Noticed Louise
 45132 | Swamp:3  | Killed Louise
 45346 | Swamp:3  | Reached skill level 18 in Fighting
 45651 | Swamp:4  | Entered Level 4 of the Swamp
 45651 | Swamp:4  | Noticed Almightybob's ghost (adept DsBe)
 45664 | Swamp:4  | Found a runed translucent door.
 45842 | Swamp:4  | Reached skill level 6 in Dodging
 45868 | Swamp:4  | Reached ****** piety under Uskayaw
 45919 | Swamp:4  | Reached skill level 7 in Dodging
 45923 | Swamp:4  | Reached skill level 14 in Armour
 46075 | Swamp:4  | Got a decaying rune of Zot
 46118 | Swamp:4  | Reached XP level 19. HP: 66/179 MP: 30/30
 46329 | Swamp:4  | Reached skill level 8 in Dodging
 46413 | Swamp:4  | Identified a scarf of resistance
 46792 | Elf:1    | Entered Level 1 of the Elven Halls
 46874 | Elf:1    | Found Afiaph's General Store.
 47040 | Elf:1    | Found Fetweqi's Magic Scroll Shoppe.
 47041 | Elf:1    | Noticed a Tzitzimitl
 47067 | Elf:1    | Reached skill level 15 in Armour
 47078 | Elf:1    | Reached skill level 9 in Dodging
 47189 | Elf:1    | Bought a scroll of summoning for 180 gold pieces
 47559 | Elf:1    | Reached skill level 10 in Dodging
 47774 | Elf:1    | Reached skill level 1 in Stealth
 47805 | Elf:1    | Reached skill level 2 in Stealth
 47885 | Elf:1    | Reached skill level 3 in Stealth
 48170 | Elf:1    | Found Juguv's Weapon Boutique.
 48335 | Vaults:1 | Entered Level 1 of the Vaults
 48339 | D:13     | Acquired the +0 pair of gloves of an ice cave {rElec Int+4
                  | Dex-3}
 48340 | D:13     | Acquired a manual of Stealth
 48369 | Vaults:1 | Reached skill level 4 in Stealth
 48388 | Vaults:1 | Reached skill level 5 in Stealth
 48413 | Vaults:1 | Reached skill level 6 in Stealth
 48738 | Vaults:1 | Reached skill level 7 in Stealth
 48769 | Vaults:1 | Identified the +1 arbalest of the Sun {flame, rPois}
 48791 | Vaults:1 | Reached skill level 8 in Stealth
 48871 | Vaults:1 | Found a huge runed gate.
 48871 | Vaults:1 | Found a huge runed gate.
 48872 | Vaults:1 | Found a huge runed gate.
 48874 | Vaults:1 | Found a huge runed gate.
 48875 | Vaults:1 | Found a huge runed gate.
 48876 | Vaults:1 | Found a huge runed gate.
 48878 | Vaults:1 | Found a huge runed gate.
 48878 | Vaults:1 | Found a huge runed gate.
 48879 | Vaults:1 | Found a huge runed gate.
 48879 | Vaults:1 | Found a huge runed gate.
 48879 | Vaults:1 | Found a huge runed gate.
 48879 | Vaults:1 | Found a huge runed gate.
 48879 | Vaults:1 | Found a huge runed gate.
 48894 | Vaults:1 | Found a huge runed gate.
 48895 | Vaults:1 | Found a huge runed gate.
 48903 | Vaults:1 | Found a huge runed gate.
 48903 | Vaults:1 | Found a huge runed gate.
 48903 | Vaults:1 | Found a huge runed gate.
 48903 | Vaults:1 | Found a huge runed gate.
 48903 | Vaults:1 | Found a huge runed gate.
 48908 | Vaults:1 | Found a huge runed gate.
 48909 | Vaults:1 | Found a huge runed gate.
 48910 | Vaults:1 | Found a huge runed gate.
 48911 | Vaults:1 | Found a huge runed gate.
 49066 | Vaults:1 | Reached skill level 9 in Stealth
 49178 | Vaults:1 | Reached skill level 10 in Stealth
 49788 | Vaults:1 | You are sucked into a shaft and drop 1 floor!
 49798 | Vaults:2 | Reached skill level 17 in Invocations
 49954 | Vaults:1 | Reached XP level 20. HP: 180/187 MP: 31/31
 49998 | Vaults:1 | Found Caqacob's Book Shoppe.
 50036 | Vaults:1 | Found a huge runed gate.
 50037 | Vaults:1 | Found a huge runed gate.
 50038 | Vaults:1 | Found a huge runed gate.
 50038 | Vaults:1 | Found a huge runed gate.
 50038 | Vaults:1 | Found a huge runed gate.
 50038 | Vaults:1 | Found a huge runed gate.
 50039 | Vaults:1 | Found a huge runed gate.
 50040 | Vaults:1 | Found a huge runed gate.
 50041 | Vaults:1 | Found a huge runed gate.
 50042 | Vaults:1 | Found a huge runed gate.
 50043 | Vaults:1 | Found a huge runed gate.
 50044 | Vaults:1 | Found a huge runed gate.
 50731 | Vaults:2 | Identified the +7 great mace of Ignis {vamp, rElec rN+}
 50941 | Vaults:2 | Reached skill level 18 in Invocations
 51863 | Vaults:2 | Reached skill level 19 in Invocations
 52533 | Vaults:3 | Reached skill level 20 in Invocations
 52821 | Vaults:3 | HP: 14/175 [deep troll[an ironbound preserver] (10)]
 52821 | Vaults:3 | Slain by an ironbound preserver

Vanquished Creatures
  Bai Suzhen (Spider:3)
  Arachne (Spider:4)
  Jorgrun (Orc:1)
  Rupert (Orc:2)
  Mlioglotl (Spider:3)
  An ancient champion (Vaults:2)
  Donald (Spider:2)
  5 thorn hunters
  Kirke (D:14)
  A fire giant (Vaults:1)
  A fenstrider witch (Swamp:3)
  11 vault wardens
  A draconian knight (Vaults:2)
  2 orc warlords
  5 emperor scorpions
  Louise (Swamp:3)
  4 ghost moths
  A deep elf elementalist (Elf:1)
  A very ugly thing (Vaults:1)
  A stone giant (Vaults:1)
  9 ironbound preservers
  2 broodmothers
  An ironbound thunderhulk (Vaults:1)
  A deep elf demonologist (Elf:1)
  2 vampire knights (Vaults:2)
  A minotaur (Gauntlet)
  7 entropy weavers
  Azrael (Orc:2)
  3 spark wasps (Spider:4)
  A deep elf annihilator (Elf:1)
  2 bunyips (Swamp:2)
  3 eleionomae
  Nessos (D:15)
  11 dire elephants
  2 crystal guardians (Vaults:3)
  A green death (Gauntlet)
  Josephine (D:15)
  An ettin (D:15)
  5 yaktaur captains
  A deep elf high priest (Elf:1)
  2 shambling mangroves (Swamp:3)
  Harold (D:9)
  8 vault guards
  6 boulder beetles
  A peacekeeper (Vaults:3)
  4 radroaches
  An ogre mage (D:15)
  3 jorogumos
  21 hydras
  Erolcha (D:11)
  17 centaur warriors
  3 ghost crabs
  9 ironbound frosthearts
  5 two-headed ogres
  2 dancing weapons (Elf:1)
  9 alligators
  A tengu warrior (D:15)
  19 death yaks
  A deep troll earth mage (Vaults:2)
  3 orc high priests (Elf:1)
  3 thrashing horrors (Lair:6)
  Urug (D:11)
  2 spriggan berserkers
  Nergalle (Orc:1)
  An iron troll (Vaults:2)
  9 deep elf knights
  A sun moth (Spider:4)
  A goliath frog (shapeshifter) (Elf:1)
  14 pharaoh ants
  3 goliath frogs
  11 steelbarb worms
  A death drake (Swamp:4)
  A salamander mystic (D:10)
  3 spriggan druids
  15 swamp dragons
  32 deep trolls
  2 deep elf archers (Elf:1)
  8 wizards
  13 bog bodies
  7 orb spiders
  9 ironbound convokers
  9 lindwurms (Vaults:1)
  3 harpies (Vaults:1)
  3 necromancers
  11 deep elf zephyrmancers (Elf:1)
  2 oklob plants (Swamp:3)
  9 wolf spiders
  A mana viper (shapeshifter) (Gauntlet)
  32 ugly things
  11 deep elf pyromancers
  4 orc sorcerers
  4 orc knights
  3 will-o-the-wisps
  4 cyclopes
  3 salamanders (D:10)
  A manticore (D:12)
  5 elephants (Lair:6)
  Maurice (Orc:1)
  15 vault sentinels
  2 moths of wrath
  Joseph (D:10)
  5 torpor snails
  14 cane toads
  3 smoke demons (Lair:6)
  9 demonic crawlers
  6 large abominations
  A kobold demonologist (D:7)
  A yaktaur (shapeshifter) (Elf:1)
  4 rime drakes
  3 minotaur zombies (Gauntlet)
  A komodo dragon (shapeshifter) (Elf:1)
  An efreet (D:15)
  12 komodo dragons
  2 ancient zymes (Lair:6)
  2 freezing wraiths
  41 yaktaurs
  2 tengu conjurers
  4 trolls
  10 meliai
  A polar bear (Lair:4)
  7 tyrant leeches
  11 tarantellas
  Grinder (D:5)
  A wind drake (shapeshifter) (Gauntlet)
  15 slime creatures
  14 hornets
  A hornet (shapeshifter) (Lair:6)
  43 blink frogs
  4 dream sheep (Lair:3)
  19 jumping spiders
  11 culicivoras
  A shadow (D:11)
  Sigmund (D:2)
  8 spriggans
  A spriggan (shapeshifter) (D:15)
  5 wraiths
  An air elemental (Elf:1)
  A ynoxinul (Lair:6)
  6 wyverns
  33 yaks
  5 fire elementals
  2 water elementals
  18 vampire mosquitoes
  10 basilisks
  3 hogs (D:14)
  A hog (shapeshifter) (Lair:6)
  A chaos spawn (Lair:6)
  A steam dragon (Lair:5)
  28 redbacks
  Edmund (D:5)
  Menkaure (D:5)
  13 swamp worms
  5 wargs
  14 water moccasins
  15 small abominations
  41 orc warriors
  A hell hound (Orc:2)
  2 sky beasts
  8 swamp drakes
  2 ice beasts (D:5)
  3 black bears
  11 ogres
  2 necrophages
  5 boggarts (Vaults:3)
  13 wolves
  19 centaurs
  2 kobold brigands
  8 bullfrogs
  2 scorpions (D:7)
  2 earth elementals (Elf:1)
  A water moccasin zombie (D:6)
  2 troll zombies (Swamp:3)
  Dowan (D:7)
  12 killer bees
  2 howler monkeys
  9 wights
  2 electric eels (Spider:2)
  A troll skeleton (Swamp:3)
  A bullfrog zombie (D:6)
  5 hounds
  2 gnoll shamans (D:7)
  7 centaur zombies
  25 orc priests
  3 centaur skeletons
  7 iguanas
  Ijyb (D:4)
  Terence (D:3)
  21 orc wizards
  6 hell rats (Lair:5)
  A killer bee zombie (D:8)
  A hound skeleton (D:5)
  5 adders
  4 gnolls (D:8)
  5 white imps
  An ufetubus (D:7)
  3 worms
  2 dart slugs
  78 orcs
  8 ball pythons
  8 endoplasms
  5 giant cockroaches
  5 hobgoblins
  2 jackals (D:1)
  6 quokkas
  4 bats
  6 frilled lizards
  7 goblins
  9 kobolds
  4 rats
  9 briar patches (Swamp:3)
  2 fungi (Swamp:3)
1306 creatures vanquished.

Vanquished Creatures (others)
  A deep troll (Vaults:1)
  A troll (Orc:2)
  3 bloated husks (Swamp:3)
  A culicivora (Spider:2)
  A human (D:14)
  A giant cockroach (D:3)
  6 briar patches
  2 butterflies (D:10)
  8 foxfires
  50 fungi
  52 plants
126 creatures vanquished.

Grand Total: 1432 creatures vanquished

Table legend: (Time is in decaauts)
 A = Elapsed time spent in this place.
 B = Non-inter-level travel time spent in this place.
 C = Inter-level travel time spent in this place.
 D = Time resting spent in this place.
 E = Time spent auto-exploring this place.
 F = Levels seen in this place.
 G = Mean time per level.
                   A        B        C        D        E       F      G
               +--------+--------+--------+--------+--------+-----+--------+
         Total |  52475 |  49806 |   2669 |  13820 |  26789 |  37 | 1418.2 |
       Dungeon |  22044 |  20539 |   1505 |   5607 |  11683 |  15 | 1469.6 |
        Temple |    107 |     87 |     20 |      0 |     67 |   1 |  107.0 |
          Lair |  12196 |  11721 |    475 |   4228 |   5928 |   6 | 2032.7 |
         Swamp |   3236 |   3056 |    180 |    480 |   1815 |   4 |  809.0 |
   Spider Nest |   4601 |   4404 |    197 |    887 |   2385 |   4 | 1150.2 |
  Orcish Mines |   4178 |   3976 |    202 |   1858 |   1470 |   2 | 2089.0 |
   Elven Halls |   1334 |   1287 |     47 |    280 |    646 |   1 | 1334.0 |
        Vaults |   4009 |   3969 |     40 |    428 |   2460 |   3 | 1336.3 |
      Gauntlet |    767 |    767 |      0 |     51 |    335 |   1 |  767.0 |
               +--------+--------+--------+--------+--------+-----+--------+

Top non-repeatable levels by time:
    D:10: 2990 daAuts
  Lair:1: 2970 daAuts
   Orc:2: 2822 daAuts
  Lair:6: 2622 daAuts
     D:7: 2242 daAuts
    D:13: 2170 daAuts
     D:5: 2033 daAuts
  Lair:2: 2007 daAuts
     D:4: 1959 daAuts
Vaults:1: 1767 daAuts
Vaults:2: 1748 daAuts
  Lair:3: 1709 daAuts
  Lair:4: 1532 daAuts
     D:6: 1475 daAuts
     D:9: 1431 daAuts

Table legend:
 A = Non-vault XP
 B = Vault XP
 C = Vault XP percentage of total XP
 D = Non-vault monster count
 E = Vault monster count
 F = Vault count percentage of total count
                 A         B        C        D         E       F
            +---------+---------+-------+---------+---------+-------
      Total |  290820 |  219931 |  43.1 |     858 |     440 |  33.9
            +---------+---------+-------+---------+---------+-------
        D:1 |      46 |       0 |   0.0 |      26 |       0 |   0.0
        D:2 |      73 |     220 |  75.1 |      16 |       1 |   5.9
        D:3 |      22 |      36 |  62.1 |      13 |       1 |   7.1
        D:4 |     372 |      51 |  12.1 |      19 |       3 |  13.6
        D:5 |    1182 |     623 |  34.5 |      25 |       3 |  10.7
        D:6 |     836 |       3 |   0.4 |      16 |       1 |   5.9
        D:7 |    2340 |    1911 |  45.0 |      31 |      18 |  36.7
        D:8 |     408 |     257 |  38.6 |      11 |       8 |  42.1
        D:9 |     423 |    1525 |  78.3 |       5 |      10 |  66.7
       D:10 |    3041 |    2710 |  47.1 |      19 |       5 |  20.8
       D:11 |    1105 |    2509 |  69.4 |      11 |       3 |  21.4
       D:12 |    2152 |     902 |  29.5 |       7 |      21 |  75.0
       D:13 |    4560 |   10120 |  68.9 |      11 |      23 |  67.6
       D:14 |   14388 |    1957 |  12.0 |      32 |       4 |  11.1
       D:15 |    5462 |    8155 |  59.9 |      15 |      14 |  48.3
     Lair:1 |    6171 |    1564 |  20.2 |      25 |       6 |  19.4
     Lair:2 |    8707 |     426 |   4.7 |      24 |       3 |  11.1
     Lair:3 |    5715 |    1812 |  24.1 |      24 |       7 |  22.6
     Lair:4 |    3567 |       0 |   0.0 |      14 |       0 |   0.0
     Lair:5 |   11799 |       0 |   0.0 |      38 |       0 |   0.0
     Lair:6 |   10038 |   11457 |  53.3 |      23 |      39 |  62.9
    Swamp:1 |    5911 |       0 |   0.0 |      16 |       0 |   0.0
    Swamp:2 |   14040 |       0 |   0.0 |      26 |       0 |   0.0
    Swamp:3 |   16006 |   10819 |  40.3 |      34 |      14 |  29.2
    Swamp:4 |   10166 |   22591 |  69.0 |      15 |      33 |  68.8
   Spider:1 |   13112 |       0 |   0.0 |      39 |       0 |   0.0
   Spider:2 |   13963 |    1452 |   9.4 |      30 |       1 |   3.2
   Spider:3 |   22499 |    5599 |  19.9 |      43 |       3 |   6.5
   Spider:4 |   16746 |   19312 |  53.6 |      31 |      25 |  44.6
      Orc:1 |    5002 |    3160 |  38.7 |      38 |       4 |   9.5
      Orc:2 |    2722 |    8385 |  75.5 |      38 |      42 |  52.5
      Elf:1 |   19912 |   13576 |  40.5 |      32 |      26 |  44.8
   Vaults:1 |   27080 |   33618 |  55.4 |      44 |      49 |  52.7
   Vaults:2 |   22512 |   28571 |  55.9 |      36 |      36 |  50.0
   Vaults:3 |   18742 |   17152 |  47.8 |      31 |      23 |  42.6
   Gauntlet |       0 |    9458 | 100.0 |       0 |      14 | 100.0
            +---------+---------+-------+---------+---------+-------
